 Dungeon Crawl Stone Soup version 0.30-a0-857-gcaf70739d4 (webtiles) character file.

Game seed: 4817483224168723758

55 ragingrage the Sneak (level 3, -4/29 HPs)
             Began as a Demonspawn Delver on Mar 6, 2023.
             Slain by a river rat (7 damage)
             ... in a sewer.
             The game lasted 00:00:45 (248 turns).

ragingrage the Sneak (Demonspawn Delver)             Turns: 248, Time: 00:00:46

Health: -4/29      AC:  3    Str: 12    XL:     3   Next: 67%
Magic:  3/3        EV: 11    Int: 11    God:
Gold:   0          SH:  0    Dex: 16    Spells: 2/2 levels left

rFire   . . .      SeeInvis .    a - +0 falchion
rCold   . . .      Faith    .    (no shield)
rNeg    . . .      Spirit   .    b - +0 leather armour
rPois   .          Reflect  .    (no helmet)
rElec   .          Rampage  .    (no cloak)
rCorr   .                        (no gloves)
Will    .....                    (no boots)
Stlth   +++                      (no amulet)
HPRegen 0.24/turn                (no ring)
MPRegen 0.08/turn                (no ring)

@: no status effects
A: powered by pain 1, spiny 1
a: no special abilities


You were in a sewer.
You visited 1 branch of the dungeon, and saw 3 of its levels.
You also visited: Sewer.

Inventory:

Hand Weapons
 a - a +0 falchion (weapon)
 f - a +1 vampiric trident
Missiles
 h - 3 javelins (quivered)
Armour
 b - a +0 leather armour (worn)
Wands
 g - a wand of digging (3)
Scrolls
 c - a scroll of fog
 d - a scroll of magic mapping
 e - a scroll of fear


   Skills:
 - Level 3.0 Fighting
 + Level 3.7 Long Blades
 - Level 1.7 Dodging
 - Level 4.5 Stealth


You had 2 spell levels left.
You didn't know any spells.
Your spell library was empty.

Dungeon Overview and Level Annotations

Branches:
Dungeon (5/15)              Sewer (1/1)
 Temple: D:4-7

Altars:

Annotations:
D:4 Edmund
D:5 Grinder, Menkaure


Innate Abilities, Weirdness & Mutations

You sometimes gain a little power by taking damage.
You are partially covered in sharp spines.


Message History

Moving in this stuff is going to be slow.
You enter the shallow water.
Moving in this stuff is going to be slow.
A river rat comes into view.
Why would you want to do that? Why would you want to do that?
What are your orders? t - Shout!
Orders for allies: a - Attack new target. r - Retreat! s - Stop attacking. g - Guard the area. f - Follow me.
Anything else - Cancel.
You shout for attention!
You hear an angry hiss.
You start waiting.
A river rat is nearby!
A rat comes into view.
A rat comes into view.
A ball python comes into view.
You enter the shallow water.
Moving in this stuff is going to be slow.
Why would you want to do that?
The ball python is struck by your spines.
The ball python barely misses you. The ball python barely misses you.
The ball python is struck by your spines.
You kill the ball python!
The river rat attacks as you move away! The river rat barely misses you.
The river rat attacks as you move away! The river rat closely misses you.
The river rat twitches its whiskers.
The river rat closely misses you.
You hit the river rat. The river rat bites you!
You hit the river rat but do no damage. The river rat bites you.
You hit the river rat but do no damage. The river rat bites you!
You closely miss the river rat. The river rat is struck by your spines.
The river rat barely misses you.
You hit the river rat. The river rat bites you!
* * * LOW HITPOINT WARNING * * *
You hit the river rat. The river rat closely misses you.
It was a potion of cancellation.
You feel magically purged. The river rat is struck by your spines.
The river rat bites you!
You die...

######
##....##
#......#
#..∩∩..#
#......#
#.~~.@##
#~≈~~r≈#
#≈≈~~≈≈#
#≈≈~≈≈≈#
#≈~†~≈≈#
#≈~~≈≈≈#
#≈≈~≈r≈#
#≈≈#~≈≈#
#≈≈≈~.≈#


You could see a river rat and a rat.

Vanquished Creatures
  A hound (D:4)
  2 adders (D:3)
  A ball python (Sewer)
  A giant cockroach (D:3)
  A goblin (D:3)
  A quokka (D:3)
  A kobold (D:4)
8 creatures vanquished.

Notes
Turn   | Place    | Note
-------+----------+-------------------------------------------
     0 | D:5      | ragingrage the Demonspawn Delver began the quest for the
                  | Orb.
     0 | D:5      | Reached XP level 1. HP: 18/18 MP: 1/1
     4 | D:5      | Noticed Grinder
    17 | D:5      | Noticed Menkaure
    36 | D:4      | Noticed a hound
    57 | D:4      | Killed a hound
    58 | D:4      | Gained mutation: You are partially covered in sharp spines.
                  | [demonic ancestry]
    58 | D:4      | Reached XP level 2. HP: 5/24 MP: 2/2
    58 | D:4      | Gained mutation: You sometimes gain a little power by
                  | taking damage. [demonic ancestry]
    58 | D:4      | Reached XP level 3. HP: 7/29 MP: 3/3
    66 | D:4      | Noticed Edmund
    68 | D:3      | Found a glowing drain.
   213 | Sewer    | Entered a sewer
   248 | Sewer    | Slain by a river rat

Illustrated notes

Levels and vault maps discovered:
D:3:      layout_loops_cross, nzn_wu_jian_contemplation, gup_sewer_entry_glass,
          nicolae_half_adder, uniq_sigmund
D:4:      layout_basic, kennysheep_mini_moat, kennysheep_generic_room_13,
          uniq_edmund
D:5:      layout_loops_ring, mainiacjoe_overflow_tiny_flanked,
          mainiacjoe_overflow_boulevard, lightli_church_of_beogh, uniq_grinder,
          uniq_menkaure
Sewer:    sewer_minmay_w

Skill      XL: |  1 |
---------------+----+-----
Long Blades    | 3 |  3.7
Fighting       | |  3.0
Dodging        | |  1.7
Stealth        | |  4.5

Action                     || total
---------------------------++-------
  Melee: Falchion          ||    39
    Use: Potion            ||     2
 Armour: Leather armour    ||    11
  Dodge: Dodged            ||    25

Table legend: (Time is in decaauts)
 A = Elapsed time spent in this place.
 B = Non-inter-level travel time spent in this place.
 C = Inter-level travel time spent in this place.
 D = Time resting spent in this place.
 E = Time spent auto-exploring this place.
 F = Levels seen in this place.
 G = Mean time per level.
                   A        B        C        D        E       F      G
               +--------+--------+--------+--------+--------+-----+--------+
         Total |    247 |    247 |      0 |     76 |     33 |   4 |   61.8 |
       Dungeon |    202 |    202 |      0 |     74 |     17 |   3 |   67.3 |
         Sewer |     45 |     45 |      0 |      2 |     16 |   1 |   45.0 |
               +--------+--------+--------+--------+--------+-----+--------+

Top non-repeatable levels by time:
     D:3: 141 daAuts
   Sewer: 45 daAuts
     D:4: 39 daAuts
     D:5: 22 daAuts
